 Seeded DCSS version 0.29.1-15-g9cfb28693d (webtiles) character file.

Game seed: 16993023905944681718 (custom seed)

55588 bmack86 the Severer (level 14, -3/127 HPs)
             Began as a Minotaur Fighter on Apr 3, 2023.
             Was the Champion of Okawaru.
             Slain by a nine-headed hydra (9 damage)
             ... on level 5 of the Lair of Beasts.
             The game lasted 00:49:20 (14088 turns).

bmack86 the Severer (Minotaur Fighter)             Turns: 14088, Time: 00:49:20

Health: -3/127     AC: 19    Str: 33    XL:     14   Next: 38%
Magic:  20/20      EV:  8    Int:  7    God:    Okawaru [******]
Gold:   1049       SH:  8    Dex: 12    Spells: 13/13 levels left

rFire   x . .      SeeInvis .   f - +3 broad axe (elec)
rCold   + . .      Faith    .   c - +1 buckler
rNeg    . . .      Spirit   .   M - +1 plate armour of Reason {rElec Will+ Dex+2}
rPois   +          Reflect  .   (helmet restricted)
rElec   +          Harm     .   N - +2 cloak
rCorr   .          Rampage  +   S - +2 pair of gloves "Kudy" {Rampage rPois Dex-4 Stlth-}
Will    ++...                   s - +2 pair of boots of Duck's Teeth {rPois Regen+ Int+2 Stlth-}
Stlth   ..........              m - amulet of Eternal Night {Regen+ Dex+3}
HPRegen 1.91/turn               g - +6 ring of strength
MPRegen 0.17/turn               T - ring "Vuedadd" {Ice rPois Str+2 Stlth+}

@: mighty, about to teleport, corroded
A: horns 2, retaliatory headbutt
a: Renounce Religion, Heroism, Finesse, Duel


You were on level 5 of the Lair of Beasts.
You worshipped Okawaru.
Okawaru was exalted by your worship.
You visited 3 branches of the dungeon, and saw 20 of its levels.
You also visited: Bailey and Gauntlet.

You collected 1209 gold pieces.
You spent 160 gold pieces at shops.

Inventory:

Hand Weapons
 a - a +0 war axe
 f - a +3 broad axe of electrocution (weapon)
Missiles
 h - 6 boomerangs (quivered)
 n - 44 poisoned darts
 G - 7 javelins
 O - 7 silver javelins
Armour
 c - a +1 buckler (worn)
 s - the +2 pair of boots of Duck's Teeth (worn) {rPois Regen+ Int+2 Stlth-}
   (You found it on level 3 of the Dungeon)

   Int:       It affects your intelligence (+2).
   rPois:     It protects you from poison.
   Regen:     It increases your rate of health regeneration.
   Stlth:     It makes you less stealthy.
 E - a +2 plate armour of fire resistance
 F - the +1 ice dragon scales "Cydgh" {rF- rC++ Int+2 Stlth+}
   (You found it in a bailey)

   Int:       It affects your intelligence (+2).
   rF:        It makes you vulnerable to fire.
   rC:        It greatly protects you from cold.
   Stlth:     It makes you more stealthy.
 H - a +0 tower shield
 I - a +1 pair of gloves
 M - the +1 plate armour of Reason (worn) {rElec Will+ Dex+2}
   (Okawaru gifted it to you on level 12 of the Dungeon)

   Dex:       It affects your dexterity (+2).
   rElec:     It insulates you from electricity.
   Will:      It increases your willpower.
 N - a +2 cloak (worn)
 S - the +2 pair of gloves "Kudy" (worn) {Rampage rPois Dex-4 Stlth-}
   (You found it in a Gauntlet)

   Dex:       It affects your dexterity (-4).
   rPois:     It protects you from poison.
   Rampage:   It bestows one free step when moving towards enemies.
   Stlth:     It makes you less stealthy.
Jewellery
 g - a +6 ring of strength (left hand)
 m - the amulet of Eternal Night (around neck) {Regen+ Dex+3}
   (You acquired it on level 4 of the Dungeon)

   [amulet of regeneration]

   Dex:       It affects your dexterity (+3).
   Regen:     It increases your rate of health regeneration.
 A - a ring of fire
 J - an amulet of guardian spirit
 L - a ring of ice
 Q - an amulet of magic regeneration
 R - an amulet of reflection
 T - the ring "Vuedadd" (right hand) {Ice rPois Str+2 Stlth+}
   (You took it off a minotaur in a Gauntlet)

   [ring of ice]

   It enhances your ice magic.
   Str:       It affects your strength (+2).
   rF:        It makes you vulnerable to fire.
   rC:        It protects you from cold.
   rPois:     It protects you from poison.
   Stlth:     It makes you more stealthy.
Wands
 t - a wand of flame (11)
 u - a wand of polymorph (12)
 v - a wand of iceblast (7)
Scrolls
 b - 3 scrolls of blinking
 e - 3 scrolls of poison
 i - 6 scrolls of teleportation
 l - 4 scrolls of amnesia
 y - 6 scrolls of fear
 K - 4 scrolls of immolation
 P - a scroll of identify
 U - a scroll of magic mapping
Potions
 d - 7 potions of might
 j - 2 potions of resistance
 k - 12 potions of curing
 o - 4 potions of lignification
 p - 5 potions of ambrosia
 q - 3 potions of cancellation
 r - 5 potions of attraction
 w - 4 potions of heal wounds
 x - 5 potions of magic
 z - a potion of brilliance
 B - 4 potions of haste
 C - 3 potions of mutation
 D - 2 potions of flight


   Skills:
 + Level 12.4 Fighting
 * Level 16.3 Axes
 + Level 9.8 Throwing
 + Level 12.4 Armour
 + Level 12.3 Shields
 + Level 9.6 Invocations


You had 13 spell levels left.
You didn't know any spells.
Your spell library contained the following spells:

 Spells                   Type           Power      Damage    Failure   Level
 Freeze                   Ice            0%         1d3       96%         1
 Necrotise                Necr           0%         1d4       96%         1
 Shock                    Conj/Air       0%         1d3       96%         1
 Slow                     Hex            0%         N/A       96%         1
 Ensorcelled Hibernation  Hex/Ice        0%         N/A       99%         2
 Passwall                 Tmut/Erth      0%         N/A       99%         2
 Scorch                   Fire           0%         2d5       99%         2
 Confusing Touch          Hex            0%         N/A       100%        3
 Frozen Ramparts          Ice            0%         1d1       100%        3
 Gell's Gravitas          Tloc           0%         N/A       100%        3
 Lesser Beckoning         Tloc           0%         N/A       100%        3
 Ozocubu's Armour         Ice            0%         N/A       100%        3
 Swiftness                Air            0%         N/A       100%        3
 Teleport Other           Tloc           0%         N/A       100%        3
 Vampiric Draining        Necr           0%         2d6       100%        3
 Airstrike                Air            0%         2d(0-16)  100%        4
 Anguish                  Hex/Necr       0%         N/A       100%        4
 Flame Wave               Conj/Fire      0%         2d4       100%        4
 Hailstorm                Conj/Ice       0%         3d3       100%        4
 Agony                    Necr           0%         N/A       100%        5
 Blade Hands              Tmut           0%         N/A       100%        5
 Irradiate                Conj/Tmut      0%         3d11      100%        5
 Metabolic Englaciation   Hex/Ice        0%         N/A       100%        5
 Yara's Violent Unravell  Hex/Tmut       0%         3d3       100%        5
 Dragon Form              Tmut           0%         N/A       100%        7
 Enfeeble                 Hex            0%         N/A       100%        7
 Orb of Destruction       Conj           0%         9d5       100%        7
 Storm Form               Tmut/Air       0%         N/A       100%        7
 Maxwell's Capacitive Co  Air            0%         ∞         100%        8
 Summon Guardian Golem    Hex/Summ       Unusable   N/A       N/A         3
 Animate Dead             Necr           Unusable   N/A       N/A         4
 Summon Lightning Spire   Summ/Air       Unusable   N/A       N/A         4
 Death Channel            Necr           Unusable   N/A       N/A         6
 Simulacrum               Ice/Necr       Unusable   N/A       N/A         6
 Summon Cactus Giant      Summ           Unusable   N/A       N/A         6
 Haunt                    Necr/Summ      Unusable   N/A       N/A         7
 Spellforged Servitor     Conj/Summ      Unusable   N/A       N/A         7
 Infestation              Necr           Unusable   N/A       N/A         8

Dungeon Overview and Level Annotations

Branches:
Dungeon (14/15)            Temple (1/1) D:6            Lair (5/5) D:8
 Shoals (0/4) Lair:3        Snake (0/4) Lair:3          Orc (0/2) D:11
 Bailey (visited)         Gauntlet (visited)
  Slime: Lair:4-5    Vaults: D:13-14

Altars:
Dithmenos
Elyvilon
Fedhas
Gozag
Nemelex Xobeh
Okawaru
Qazlal
Trog
Uskayaw
Vehumet
Yredelemnul
Zin
The Shining One

Shops:
D:7 (   D:12 !   D:13 (

Annotations:
Lair:2 2 transporters, exclusions: ice statue and oklob plant, Gasioj's ghost, journeyman GnCj


Innate Abilities, Weirdness & Mutations

You have a pair of horns on your head.
You reflexively headbutt those who attack you in melee.


Message History

The cane toad closely misses you. You furiously retaliate!
You headbutt the cane toad!
You kill the cane toad!
Okawaru accepts your kill.
You hear a loud, deep croak!
You slice one of the eight-headed hydra's heads off!
The seven-headed hydra grows two more!
You slash the nine-headed hydra!
The nine-headed hydra is heavily wounded.
You barely miss the blink frog.
The goliath frog hits you but does no damage.
The nine-headed hydra bites you but does no damage. x2
The nine-headed hydra bites you!
* * * LOW HITPOINT WARNING * * *
The nine-headed hydra bites you but does no damage.
The nine-headed hydra bites you.
* * * LOW HITPOINT WARNING * * *
The nine-headed hydra bites you.
* * * LOW HITPOINT WARNING * * *
The nine-headed hydra bites you.
* * * LOW HITPOINT WARNING * * *
The nine-headed hydra bites you.
* * * LOW HITPOINT WARNING * * *
The nine-headed hydra bites you but does no damage.
The blink frog blinks!
You feel much better. The goliath frog hits you from afar!
* * * LOW HITPOINT WARNING * * *
The acid corrodes you!
You are splashed with acid!
* * * LOW HITPOINT WARNING * * *
The nine-headed hydra bites you.
* * * LOW HITPOINT WARNING * * *
The nine-headed hydra bites you!
* * * LOW HITPOINT WARNING * * *
You block the nine-headed hydra's attack.
The nine-headed hydra closely misses you.
The nine-headed hydra bites you but does no damage. x2
The nine-headed hydra bites you!
* * * LOW HITPOINT WARNING * * *
The nine-headed hydra bites you but does no damage.
The nine-headed hydra bites you!
You die...

♣♣......~~≈~≈~
♣......~~~≈~.~
♣....~..~~~~~
♣♣.....)~~~~P
♣♣...FF..~~~~.#~~~~≈≈~
♣....?..§.~~~.##~≈P≈~≈
♣♣.....F..~P~###~≈≈≈≈~
♣....††..P~~~##≈~≈≈≈~~
♣♣...@D..~.~~##~~~~~~~
♣♣♣.F.§..~.P~###~≈P~~~~
..............#P~~~≈~~~~
..............##~~~~~~..
...........####.....~~~.
..............####.....P
........................
.P.P..P#.##...##P#.##...
###.#######.#.###.####.


You could see a nine-headed hydra, a goliath frog, a cane toad and 2 blink
frogs.

Vanquished Creatures
  A minotaur (Gauntlet)
  Snorg (D:10)
  The ghost of Scrimshaw the Transmogrifier, a journeyman OpTm of Wu Jian (Lair:3)
  Fannar (D:12)
  3 hydras
  A boulder beetle (Lair:3)
  3 two-headed ogres
  3 centaur warriors
  5 death yaks
  A fire crab (Gauntlet)
  A death drake (Gauntlet)
  Pikel (D:4)
  A spectral wolf spider (Gauntlet)
  4 oklob plants (Lair:3)
  A manticore (D:11)
  An ugly thing (D:7)
  A spectral centaur (Gauntlet)
  Maurice (D:12)
  A cyclops (D:12)
  9 elephants
  A merfolk siren (Lair:3)
  3 black mambas
  3 gargoyles
  Maggie (D:6)
  10 cane toads
  3 rime drakes
  A smoke demon (Gauntlet)
  4 komodo dragons
  2 kobold demonologists (D:10)
  An efreet (D:13)
  2 unseen horrors
  A red devil (Gauntlet)
  7 trolls
  Grinder (D:5)
  8 polar bears
  8 blink frogs
  A tyrant leech (Lair:5)
  Sigmund (D:5)
  3 wraiths
  A vampire (Bailey)
  A hog (D:10)
  A yak (shapeshifter) (D:12)
  38 yaks
  8 wyverns
  A basilisk (Lair:2)
  2 fire bats (Gauntlet)
  7 vampire mosquitoes
  A steam dragon (Lair:3)
  A two-headed ogre zombie (D:11)
  3 nagas (Lair:3)
  A floating eye (Lair:3)
  2 orc warriors (D:8)
  22 water moccasins
  3 ice beasts
  4 black bears (D:10)
  The ghost of Seidenschwarz the Trooper, an amateur MiFi (D:3)
  2 sky beasts (D:7)
  2 ogres
  32 wolves
  2 lemures (D:4)
  4 phantoms
  14 centaurs
  2 kobold brigands
  Blork the orc (D:4)
  18 bullfrogs
  3 gnoll sergeants
  3 scorpions
  12 wights
  A troll zombie (D:11)
  10 killer bees
  5 howler monkeys
  7 vampire bats (Bailey)
  An electric eel (Lair:5)
  3 wolf zombies (Bailey)
  2 crimson imps (Gauntlet)
  2 hounds
  7 orc priests
  3 jellies
  A boggart zombie (Gauntlet)
  A gnoll bouda (D:5)
  Jessica (D:3)
  Terence (D:3)
  9 orc wizards
  2 iguanas
  4 hell rats (Lair:2)
  6 ogre zombies (D:11)
  14 gnolls
  8 adders
  2 shadow imps
  2 white imps
  An ufetubus (D:5)
  2 worms
  32 orcs
  4 ball pythons
  4 bats
  5 endoplasms
  5 giant cockroaches
  7 goblins
  6 hobgoblins
  3 jackals (D:2)
  8 kobolds
  3 quokkas
  4 frilled lizards
  2 goblin skeletons (D:11)
  2 goblin zombies (D:11)
  A hobgoblin skeleton (D:11)
  A hobgoblin zombie (D:11)
  2 orc skeletons (D:11)
  38 orc zombies
  7 rats
  A bush (Lair:3)
  A plant (Lair:3)
525 creatures vanquished.

Vanquished Creatures (others)
  8 fungi
  49 plants
  A withered plant (Gauntlet)
58 creatures vanquished.

Grand Total: 583 creatures vanquished

Notes
Turn   | Place    | Note
-------+----------+-------------------------------------------
     0 | D:1      | bmack86 the Minotaur Fighter began the quest for the Orb.
     0 | D:1      | Reached XP level 1. HP: 19/19 MP: 0/0
     6 | D:1      | Found a faded altar of an unknown god.
   439 | D:1      | Reached XP level 2. HP: 27/27 MP: 1/1
   683 | D:2      | Reached skill level 3 in Axes
   904 | D:2      | Reached XP level 3. HP: 33/33 MP: 2/2
  1499 | D:3      | Noticed Jessica
  1505 | D:3      | Killed Jessica
  1506 | D:3      | Reached XP level 4. HP: 37/40 MP: 3/3
  1610 | D:3      | Noticed Terence
  1616 | D:3      | Killed Terence
  1617 | D:3      | Reached skill level 4 in Axes
  1617 | D:3      | Reached skill level 1 in Throwing
  1657 | D:3      | Identified the +2 pair of boots of Duck's Teeth {rPois
                  | Regen+ Int+2 Stlth-}
  1679 | D:3      | Found a runed translucent door.
  1679 | D:3      | Noticed Seidenschwarz's ghost (amateur MiFi)
  1736 | D:3      | Reached XP level 5. HP: 13/47 MP: 4/4
  1764 | D:3      | Identified the +0 leather armour of Tiphis {rCorr Dex+4
                  | Stlth+}
  1815 | D:3      | Found an iron altar of Okawaru.
  1843 | D:3      | Became a worshipper of Warmaster Okawaru
  2285 | D:3      | Killed Seidenschwarz's ghost
  2286 | D:3      | Reached XP level 6. HP: 47/53 MP: 5/5
  2319 | D:4      | Identified a scroll of acquirement
  2319 | D:4      | Acquired a +1 broad axe of electrocution
  2386 | D:4      | Found a white marble altar of Elyvilon.
  2423 | D:4      | Reached * piety under Okawaru
  2424 | D:4      | Reached skill level 5 in Axes
  2424 | D:4      | Reached skill level 1 in Invocations
  2494 | D:4      | Noticed Blork the orc
  2501 | D:4      | Killed Blork the orc
  2502 | D:4      | Reached skill level 5 in Fighting
  2594 | D:4      | Acquired the amulet of Eternal Night {Regen+ Dex+3}
  2841 | D:4      | Noticed Pikel
  2849 | D:4      | Killed Pikel
  2849 | D:4      | Reached ** piety under Okawaru
  2850 | D:4      | Reached skill level 6 in Axes
  2850 | D:4      | Reached skill level 5 in Armour
  2850 | D:4      | Reached skill level 5 in Shields
  2850 | D:4      | Reached XP level 7. HP: 36/61 MP: 7/7
  2950 | D:4      | Found a sparkling altar of Nemelex Xobeh.
  3006 | D:5      | Entered Level 5 of the Dungeon
  3013 | D:5      | Reached XP level 8. HP: 66/70 MP: 7/9
  3055 | D:5      | Noticed Sigmund
  3066 | D:5      | Killed Sigmund
  3119 | D:5      | Reached skill level 7 in Axes
  3181 | D:5      | Reached *** piety under Okawaru
  3234 | D:5      | Reached skill level 8 in Axes
  3234 | D:5      | Reached XP level 9. HP: 73/78 MP: 10/10
  3242 | D:5      | Found a basalt altar of Yredelemnul.
  3244 | D:5      | Noticed a profane servitor
  3249 | D:5      | Found a glowing golden altar of the Shining One.
  3271 | D:5      | Noticed Grinder
  3279 | D:5      | Killed Grinder
  3532 | D:6      | Found a staircase to the Ecumenical Temple.
  3539 | Temple   | Entered the Ecumenical Temple
  3571 | D:6      | Received a gift from Okawaru
  3648 | D:6      | Found a radiant altar of Vehumet.
  3707 | D:6      | Noticed Maggie
  3721 | D:6      | Killed Maggie
  3722 | D:6      | Reached skill level 9 in Axes
  4350 | D:7      | Found an opulent altar of Gozag.
  4355 | D:7      | Reached **** piety under Okawaru
  4399 | D:7      | Reached skill level 5 in Throwing
  4458 | D:7      | Noticed a green ugly thing
  4468 | D:7      | Killed a green ugly thing
  4468 | D:7      | Received a gift from Okawaru
  4469 | D:7      | Reached XP level 10. HP: 84/88 MP: 4/12
  4493 | D:7      | Reached skill level 5 in Invocations
  4528 | D:7      | Reached skill level 10 in Axes
  4872 | D:7      | Reached ***** piety under Okawaru
  4936 | D:7      | Found Karghy's Antique Weapon Boutique.
  5261 | D:8      | Found a flagged portal.
  5284 | D:8      | Received a gift from Okawaru
  5301 | Bailey   | Entered a bailey
  5501 | Bailey   | Noticed a gargoyle
  5512 | Bailey   | Killed a gargoyle
  5651 | Bailey   | Identified the +1 plate armour "Moybum" {Stlth+}
  5751 | Bailey   | Identified the +1 ice dragon scales "Cydgh" {rF- rC++ Int+2
                  | Stlth+}
  5959 | D:8      | Reached skill level 11 in Axes
  5970 | D:8      | Found a bloodstained altar of Trog.
  6064 | D:8      | Received a gift from Okawaru
  6065 | D:8      | Reached XP level 11. HP: 46/95 MP: 12/14
  6132 | D:8      | Found a blossoming altar of Fedhas.
  6338 | D:8      | Found a staircase to the Lair.
  6717 | D:9      | Received a gift from Okawaru
  7333 | D:10     | Entered Level 10 of the Dungeon
  7336 | D:10     | Noticed Snorg
  7337 | D:10     | Noticed a two-headed ogre
  7347 | D:10     | Killed a two-headed ogre
  7348 | D:10     | Killed Snorg
  7349 | D:10     | Reached skill level 12 in Axes
  7595 | D:10     | Found a stormy altar of Qazlal.
  7610 | D:10     | Found a huge runed translucent gate.
  7619 | D:10     | Found a huge runed translucent gate.
  7620 | D:10     | Found a huge runed translucent gate.
  7621 | D:10     | Found a huge runed translucent gate.
  7684 | D:10     | Found the +10 zealot's sword {holy, *Rage rN+ EV+3}
  7704 | D:10     | Reached ****** piety under Okawaru
  7944 | D:10     | Found a glowing silver altar of Zin.
  8123 | D:11     | Noticed a two-headed ogre
  8129 | D:11     | Killed a two-headed ogre
  8129 | D:11     | Received a gift from Okawaru
  8130 | D:11     | Reached XP level 12. HP: 106/106 MP: 16/16
  8207 | D:11     | Found a staircase to the Orcish Mines.
  8221 | D:11     | Reached skill level 10 in Armour
  8246 | D:11     | Reached skill level 13 in Axes
  8380 | D:11     | Noticed a centaur warrior
  8392 | D:11     | Reached skill level 10 in Fighting
  8392 | D:11     | Reached skill level 10 in Shields
  8394 | D:11     | Killed a centaur warrior
  8574 | D:11     | Noticed a two-headed ogre
  8579 | D:11     | Killed a two-headed ogre
  8805 | D:12     | Noticed Fannar
  8836 | D:12     | Killed Fannar
  8836 | D:12     | Identified the +1 plate armour of Reason {rElec Will+
                  | Dex+2} (Okawaru gifted it to you on level 12 of the
                  | Dungeon)
  8836 | D:12     | Received a gift from Okawaru
  8860 | D:12     | Identified the +5 halberd "Newtslayer" {drain, MP+9 Str+5}
  9075 | D:12     | Noticed Maurice
  9084 | D:12     | Killed Maurice
  9244 | D:12     | Found Isaejicu's Distillery.
  9251 | D:12     | Bought a potion of curing for 30 gold pieces
  9251 | D:12     | Bought a potion of curing for 30 gold pieces
  9251 | D:12     | Bought a potion of heal wounds for 50 gold pieces
  9251 | D:12     | Bought a potion of heal wounds for 50 gold pieces
  9345 | D:13     | Noticed a centaur warrior
  9361 | D:13     | Killed a centaur warrior
  9650 | D:13     | Noticed a centaur warrior
  9651 | D:13     | Noticed a six-headed hydra
  9664 | D:12     | Killed a centaur warrior
  9665 | D:12     | Reached skill level 14 in Axes
  9670 | D:12     | Killed a 12-headed hydra
  9769 | D:13     | Found Wokk's Antique Weapon Emporium.
  9932 | D:14     | Noticed a vault guard
  9932 | D:14     | Noticed a vault guard
  9935 | D:14     | Noticed a vault guard
 10078 | Lair:1   | Entered Level 1 of the Lair of Beasts
 10078 | Lair:1   | Noticed a death yak
 10078 | Lair:1   | Noticed a death yak
 10085 | Lair:1   | Noticed a death yak
 10085 | Lair:1   | Noticed a death yak
 10088 | Lair:1   | Noticed a death yak
 10088 | Lair:1   | Killed a death yak
 10099 | D:8      | Killed a death yak
 10101 | D:8      | Killed a death yak
 10143 | Lair:1   | Killed a death yak
 10144 | Lair:1   | Reached XP level 13. HP: 62/115 MP: 18/18
 10279 | Lair:1   | Received a gift from Okawaru
 10722 | Lair:2   | Received a gift from Okawaru
 10851 | Lair:2   | Reached skill level 15 in Axes
 11003 | Lair:2   | Found a transporter.
 11067 | Lair:2   | Noticed Gasioj's ghost (journeyman GnCj)
 11079 | Lair:2   | Identified the +5 scale mail "Zuodios" {Dex+5} (Okawaru
                  | gifted it to you on level 2 of the Lair of Beasts)
 11079 | Lair:2   | Received a gift from Okawaru
 11085 | Lair:2   | Found a transporter.
 11881 | Lair:3   | Found a staircase to the Snake Pit.
 12008 | Lair:3   | Found a transporter.
 12014 | Lair:3   | Found a transporter.
 12061 | Lair:3   | Identified the +6 hand axe of Light {freeze, rElec Str+4
                  | Int+8 Dex-4}
 12118 | Lair:3   | Found a staircase to the Shoals.
 12320 | Lair:3   | Found a runed translucent gate.
 12320 | Lair:3   | Found a runed translucent gate.
 12320 | Lair:3   | Found a runed translucent gate.
 12346 | Lair:3   | Noticed Scrimshaw's ghost (journeyman OpTm)
 12378 | Lair:3   | Killed Scrimshaw's ghost
 12545 | Lair:4   | Found a gate leading to a gauntlet.
 12581 | Gauntlet | Entered a Gauntlet
 12581 | Gauntlet | Found a transporter.
 12581 | Gauntlet | Found a transporter.
 12585 | Gauntlet | Found a transporter.
 12585 | Gauntlet | Found a transporter.
 12600 | Gauntlet | Found a large runed translucent door.
 12601 | Gauntlet | Found a large runed translucent door.
 12602 | Gauntlet | Found a transporter.
 12602 | Gauntlet | Found a large runed translucent door.
 12602 | Gauntlet | Found a large runed translucent door.
 12602 | Gauntlet | Found a large runed translucent door.
 12603 | Gauntlet | Found a runed translucent door.
 12618 | Gauntlet | Found a transporter.
 12632 | Gauntlet | Found a transporter.
 12634 | Gauntlet | Found a transporter.
 12670 | Gauntlet | Found a transporter.
 12678 | Gauntlet | Found a transporter.
 12712 | Gauntlet | Found a transporter.
 12762 | Gauntlet | Found a transporter.
 12784 | Gauntlet | Found a transporter.
 12905 | Gauntlet | Noticed an azure jelly
 12906 | Gauntlet | Noticed a storm dragon
 12934 | Gauntlet | Noticed a minotaur
 12934 | Gauntlet | an azure jelly changed into a minotaur
 12954 | Gauntlet | Found a transporter.
 12956 | Gauntlet | Found a large runed translucent door.
 12957 | Gauntlet | Found a large runed translucent door.
 12958 | Gauntlet | Found a runed translucent door.
 12958 | Gauntlet | Found a large runed translucent door.
 12959 | Gauntlet | Found a large runed translucent door.
 12959 | Gauntlet | Noticed a minotaur
 12959 | Gauntlet | a storm dragon changed into a minotaur
 12960 | Gauntlet | Found a large runed translucent door.
 12967 | Gauntlet | Found a large runed translucent door.
 12967 | Gauntlet | Found a large runed translucent door.
 12968 | Gauntlet | Found a large runed translucent door.
 12968 | Gauntlet | Found a large runed translucent door.
 12968 | Gauntlet | Found a large runed translucent door.
 12968 | Gauntlet | Found a large runed translucent door.
 12972 | Gauntlet | Found a runed translucent gate.
 12972 | Gauntlet | Found a runed translucent gate.
 12972 | Gauntlet | Found a runed translucent gate.
 12974 | Gauntlet | Found a transporter.
 12991 | Gauntlet | Found a transporter.
 13097 | Gauntlet | a minotaur changed into a death yak
 13270 | Gauntlet | Reached XP level 14. HP: 73/126 MP: 19/19
 13291 | Gauntlet | Identified the +2 pair of gloves "Kudy" {Rampage rPois
                  | Dex-4 Stlth-}
 13323 | Gauntlet | Identified the ring "Vuedadd" {Ice rPois Str+2 Stlth+}
 13417 | Gauntlet | Got the Quarto of Ghoulish Glamour
 13917 | Lair:5   | Entered Level 5 of the Lair of Beasts
 13925 | Lair:5   | Reached skill level 16 in Axes
 13933 | Lair:5   | Received a gift from Okawaru
 14088 | Lair:5   | HP: 6/127 [nine-headed hydra (9)]
 14088 | Lair:5   | Slain by a nine-headed hydra

Illustrated notes

Levels and vault maps discovered:
D:1:      dpeg_arrival_ratfight, layout_basic, basic_ecumenical_altar
D:2:      layout_loops_ring
D:3:      layout_loops_ring, amcnicky_altar_gilded,
          hellmonk_ghost_happy_afterlife, kennysheep_generic_room_13,
          uniq_terence, uniq_jessica
D:4:      layout_basic, mainiacjoe_overflow_surrounded_room, lemuel_round_altar,
          uniq_pikel, uniq_blork_the_orc
D:5:      layout_gridville, grunt_temple_overflow_holy_war, uniq_sigmund,
          uniq_grinder
D:6:      layout_gridville, nicolae_vehumet_radiance,
          minmay_temple_entry_enclosed_plants, nrook_mini_vaults,
          eino_small_chamber_without_monster, uniq_maggie
D:7:      layout_basic, grunt_gozag_statues, serial_shops, shop,
          minmay_misc_feat_pillars, dk_vineyard_2, nzn_random_ring
D:8:      layout_loops_cross, mainiacjoe_overflow_24_doors,
          nicolae_overflow_crystal_walls, minmay_lair_entry_grove,
          enter_bailey_7
D:9:      layout_loops_corners
D:10:     lemuel_bear_cage, layout_rooms, zin_statuary,
          nicolae_qazlal_general_emergency, minmay_between, uniq_snorg
D:11:     layout_basic, zombieorc2_lemuel
D:12:     layout_basic, serial_shops, nicolae_shop_crystal, uniq_fannar,
          uniq_maurice
D:13:     layout_loops_ring, serial_shops, kennysheep_mini
D:14:     layout_loops_ring, erik_vaults_2, gammafunk_ghost_arena,
          reono_crystal_passage
Temple:   chequers_temple_sunken
Lair:1:   layout_hall_layers, infiniplex_staircase_pool_2
Lair:2:   layout_hall_layers, nzn_ghost_randoct, grunt_megastairs_4
Lair:3:   gammafunk_boulding_lane, layout_gridlike,
          minmay_shoals_entry_lonely_mermaid, guppyfry_snake_entry_island,
          ebering_ghost_rock_garden, disabler_island
Lair:4:   layout_big_grid, gauntlet_entry_generic
Lair:5:   minmay_lair_end_frog_pond, layout_long_grid,
          nicolae_slime_entry_slimehenge, maelrawn_ghost_gauntlet_escape,
          roderic_batcave, guppyfry_lair_drakes, infiniplex_staircase_pool

Skill      XL: |  1  2  3  4  5  6  7  8  9 10 11 12 13 14 |
---------------+-------------------------------------------+-----
Axes           | 3 4 6 8 9 11 12 14 15 16 | 16.3
Fighting       | 4 5 6 7 8 9 10 12 | 12.4
Armour         | 4 5 6 7 8 9 11 12 | 12.4
Shields        | 4 5 6 7 8 9 10 11 12 | 12.3
Throwing       | 1 2 3 4 5 6 7 8 9 |  9.8
Invocations    | 2 3 4 5 7 8 9 |  9.6

Action                   |  1- 3 |  4- 6 |  7- 9 | 10-12 | 13-15 || total
-------------------------+-------+-------+-------+-------+-------++-------
Melee: War axe           |    90 |    23 |       |       |       ||   113
       Headbutt          |    12 |     8 |    22 |    92 |    85 ||   219
       Broad axe         |       |    26 |   124 |   446 |   380 ||   976
Throw: Boomerang         |       |     1 |    10 |    73 |    66 ||   150
Invok: Heroism           |       |       |     1 |     6 |     4 ||    11
       Finesse           |       |       |     1 |     1 |     1 ||     3
  Use: Potion            |       |     1 |       |     1 |     2 ||     4
       Scroll            |       |    13 |     4 |    13 |     1 ||    31
Armor: Scale mail        |    44 |    15 |       |       |       ||    59
       Chain mail        |       |       |    52 |       |       ||    52
       Plate armour      |       |       |    10 |   515 |   262 ||   787
Dodge: Dodged            |    50 |    27 |    45 |   243 |   148 ||   513
Block: Buckler           |    21 |    16 |    40 |   267 |   166 ||   510
